AoeStats
← Gregory176144

Arabia

510415512Analyzed
1v1 RM · 15h ago on Sep 30, 2026· 39m 31s· 2 players
Game mode
Random Map
Map size
Tiny (2 player)
Population
200
Speed
Normal
Resources
Standard
Victory
Conquest
Starting age
Dark Age
Ending age
Imperial Age
RankedLock teamsTeams togetherTeam positionsShared explorationLock speedFull tech treeHidden civsTurbo modeCheats
Victory
Defeat
🇦🇷 Vikings · Argentina
1349
+17
🇧🇷 Varangians · Brazil
1377
-17
Gregory176144
8:47 Feudal Age
9:16 Double-Bit Axe
9:11 Horse Collar
13:06 Gold Mining
16:57 Castle Age
17:58 Bow Saw
18:31 Treadmill Crane
19:37 Town Watch
20:12 Stone Mining
20:58 Gold Shaft Mining
22:23 Fletching
22:23 Loom
23:02 Town Patrol
23:50 Bodkin Arrow
30:32 Imperial Age
30:12 Crossbowman
30:54 Padded Archer Armor
31:15 Ballistics
31:15 Bracer
32:15 Arbalester
33:11 Leather Archer Armor
33:57 Chemistry
34:02 Bogsveigar
35:09 Ring Archer Armor
35:40 Siege Engineers
Karamazov
6:05 Loom
8:57 Feudal Age
9:34 Double-Bit Axe
12:57 Bloodlines
20:04 Castle Age
18:16 Horse Collar
19:26 Forging
20:59 Bow Saw
23:49 Gold Mining
25:26 Wheelbarrow
25:56 Heavy Plow
35:03 Imperial Age
33:46 Scale Barding Armor
34:16 Iron Casting
35:08 Chain Barding Armor
35:29 Fletching
35:06 Cavalier
37:22 Plate Barding Armor
39:31 Husbandry
Connection lost

Rejoining the realm…

Still unreachable

The connection could not be restored.

Session expired

The server has moved on; the page needs a fresh start.